 Dungeon Crawl Stone Soup version 0.29.0-4-gdea44cf6ec (webtiles) character file.

Game seed: 645621215513151634

28 qw the Chopper (level 3, -4/21 HPs)
             Began as a Tengu Warper on Aug 28, 2022.
             Slain by a gnoll
             ... wielding a +3 flail
              (10 damage)
             ... on level 2 of the Dungeon.
             The game lasted 00:00:06 (1309 turns).

qw the Chopper (Tengu Warper)                       Turns: 1309, Time: 00:00:06

Health: -4/21      AC:  3    Str: 13    XL:     3   Next: 12%
Magic:  7/7        EV: 12    Int: 13    God:
Gold:   55         SH:  0    Dex: 13    Spells: 6/6 levels left

rFire   . . .      SeeInvis .   Y - +0 hand axe
rCold   . . .      Faith    .   (no shield)
rNeg    . . .      Spirit   .   b - +0 leather armour
rPois   .          Reflect  .   (helmet restricted)
rElec   .          Harm     .   (no cloak)
rCorr   .          Rampage  .   (no gloves)
Will    .....                   (boots unavailable)
Stlth   +.........              (no amulet)
HPRegen 0.07/turn               (no ring)
MPRegen 0.10/turn               (no ring)

@: no status effects
A: beak, talons 3
a: no special abilities


You were on level 2 of the Dungeon.
You visited 1 branch of the dungeon, and saw 2 of its levels.

You collected 55 gold pieces.


Innate Abilities, Weirdness & Mutations

You have a beak for a mouth.
You have claws for feet.


   Skills:
 - Level 2.0 Fighting
 + Level 3.9 Axes
 - Level 1.0 Throwing
 - Level 1.1 Armour
 - Level 2.1 Dodging
 - Level 2.0 Spellcasting
 - Level 2.4 Translocations


You had 6 spell levels left.
You didn't know any spells.
Your spell library contained the following spells:

 Spells                   Type           Power      Damage    Failure   Level
 Blink                    Tloc           14%        N/A       19%         2
 Gell's Gravitas          Tloc           7%         N/A       36%         3
 Lesser Beckoning         Tloc           7%         N/A       36%         3
 Teleport Other           Tloc           7%         N/A       36%         3
 Manifold Assault         Tloc           7%         N/A       98%         5

Inventory:

Hand Weapons
 d - a +0 whip
 Y - a +0 hand axe (weapon)
Armour
 b - a +0 leather armour (worn)
Potions
 a - a potion of brilliance {unknown}
 f - a potion of haste {unknown}
 h - a potion of resistance {unknown}
 i - a potion of heal wounds {unknown}
 j - a potion of curing
 l - a potion of attraction {unknown}

Dungeon Overview and Level Annotations

Branches:
Dungeon (2/15)

Altars:


Message History

(2) D:1 Assign waypoint to what number? (0-9, D - delete waypoint) Waypoint 1 assigned to D:2.
Enter note: You hit the bat.
You kill the bat!
You hit the quokka.
The quokka is moderately wounded.
The quokka bites you but does no damage.
You miss the quokka. Your kick misses the quokka. The quokka barely misses you.
You hit the quokka.
You kill the quokka!
You enter the shallow water.
Moving in this stuff is going to be slow.
a - a smoky brown potion A gnoll comes into view.
It is wielding a +3 flail.
The gnoll moves out of view.
A gnoll comes into view. It is wielding a +0 halberd.
The gnoll shouts!
You hear a shout!
1291 ||| Stepping ~*~*~tactically~*~*~ (stealth).
The gnoll shouts!
A bat comes into view.
You enter the shallow water.
Moving in this stuff is going to be slow.
1306 ||| Stepping ~*~*~tactically~*~*~ (water).
The bat closely misses you. The gnoll closely misses you.
The gnoll hits you with a +3 flail!
Ouch! That really hurt!
You hit the gnoll. You claw the gnoll.
The gnoll is moderately wounded.
The bat hits you but does no damage. The gnoll closely misses you.
The gnoll barely misses you.
You hit the gnoll. You claw the gnoll, but do no damage.
The gnoll is heavily wounded.
The bat closely misses you. The gnoll barely misses you. x3
You hit the gnoll. Your kick misses the gnoll.
The gnoll is severely wounded.
The bat hits you but does no damage. The gnoll hits you with a +3 flail!
You die...

~~~~~~~ ~~~~~~
...~~..~..~...~~.~~
~~~.~~~~~~~~~~~.~~~ #
7~.~7 7~~~7 7~~~77 #.
7~~~7 7~~~7 7~.~7
#~~777~~~777~~~777~~~77
#~~~~~~~~~~~~~~~~~~~~~~
#.~..b~g..~.....~~..~~~
#####.@.g..............
###################


You could see 2 gnolls and a bat.

Vanquished Creatures
  2 ball pythons (D:1)
  An endoplasm (D:1)
  A giant cockroach (D:1)
  5 goblins (D:1)
  2 hobgoblins (D:1)
  2 kobolds (D:1)
  3 quokkas
  5 bats
  2 rats (D:1)
23 creatures vanquished.

Notes
Turn   | Place    | Note
-------+----------+-------------------------------------------
     0 | D:1      | qw the Tengu Warper began the quest for the Orb.
     0 | D:1      | Reached XP level 1. HP: 12/12 MP: 4/4
     0 | D:1      | 0 ||| qw: Version: 0.1-a-89-g26bdef1
     0 | D:1      | 0 ||| qw: Game counter: 59
     0 | D:1      | 0 ||| qw: Always use a shield: true
     0 | D:1      | 0 ||| qw: God list: Okawaru
     0 | D:1      | 0 ||| qw: Allow faded altars: false
     0 | D:1      | 0 ||| qw: Do Orc after D:15 true
     0 | D:1      | 0 ||| qw: Do second Lair branch before Depths: true
     0 | D:1      | 0 ||| qw: Lair rune preference: random
     0 | D:1      | 0 ||| qw: Plans: Normal
     0 | D:1      | 0 ||| PLANNING D:1-11
   283 | D:1      | Reached XP level 2. HP: 14/17 MP: 6/6
   381 | D:1      | Reached skill level 3 in Axes
   381 | D:1      | 381 ||| Stepping ~*~*~tactically~*~*~ (stealth).
   446 | D:1      | 446 ||| Stepping ~*~*~tactically~*~*~ (stealth).
   450 | D:1      | 450 ||| Stepping ~*~*~tactically~*~*~ (stealth).
   586 | D:1      | 586 ||| DROPPING +0 club.
   995 | D:1      | Reached XP level 3. HP: 21/21 MP: 7/7
  1232 | D:1      | 1232 ||| DROPPING scarf of invisibility.
  1233 | D:1      | 1233 ||| READING scroll labelled POIXOB FUGI.
  1234 | D:1      | 1234 ||| READING scroll labelled NAVAM TEOCWYR.
  1235 | D:1      | 1235 ||| DRINKING 2 emerald potions.
  1236 | D:1      | 1236 ||| DROPPING scroll of blinking.
  1291 | D:2      | 1291 ||| Stepping ~*~*~tactically~*~*~ (stealth).
  1306 | D:2      | 1306 ||| Stepping ~*~*~tactically~*~*~ (water).
  1309 | D:2      | Slain by a gnoll

Levels and vault maps discovered:
D:1:      lightli_arrival_statue_moat, layout_basic, grunt_decor_clamped,
          minmay_tall_x
D:2:      wad_pebble_path, layout_basic, hellmonk_ecumenical_altar_lost_god,
          kennysheep_boxes

Skill      XL: |  1  2 |
---------------+-------+-----
Axes           | 3 |  3.9
Fighting       | |  2.0
Throwing       | |  1.0
Armour         | |  1.1
Dodging        | |  2.1
Spellcasting   | |  2.0
Translocations | |  2.4

Action                   || total
-------------------------++-------
Melee: Hand axe          ||    49
       Kick              ||     9
       Peck              ||     3
Throw: Boomerang         ||     7
  Use: Scroll            ||     2
       Potion            ||     1
Armor: Leather armour    ||    10
Dodge: Dodged            ||    33

Table legend:
 A = Non-vault XP
 B = Vault XP
 C = Vault XP percentage of total XP
 D = Non-vault monster count
 E = Vault monster count
 F = Vault count percentage of total count
                 A         B        C        D         E       F
            +---------+---------+-------+---------+---------+-------
      Total |      32 |       8 |  20.0 |      19 |       4 |  17.4
            +---------+---------+-------+---------+---------+-------
        D:1 |      28 |       8 |  22.2 |      17 |       4 |  19.0
        D:2 |       4 |       0 |   0.0 |       2 |       0 |   0.0
            +---------+---------+-------+---------+---------+-------
